 Dungeon Crawl Stone Soup version 0.22-a0-605-g9281fa2 (webtiles) character file.

162 Amnesiac the Digger (level 5, -5/24 HPs)
             Began as a Spriggan Earth Elementalist on July 8, 2018.
             Slain by Natasha (8 damage)
             ... on level 3 of the Dungeon.
             The game lasted 00:03:18 (2395 turns).

Amnesiac the Digger (Spriggan Earth Elementalist)   Turns: 2395, Time: 00:03:18

Health: -5/24      AC:  2    Str:  4    XL:     5   Next: 19%
Magic:  12/12      EV: 18    Int: 17    God:
Gold:   85         SH:  0    Dex: 17    Spells: 11/12 levels left

rFire    . . .     SeeInvis +   a - +2 dagger (elec)
rCold    . . .     Gourm    .   (shield restricted)
rNeg     . . .     Faith    .   c - +0 robe
rPois    .         Spirit   .   (helmet restricted)
rElec    .         Reflect  .   (no cloak)
rCorr    .         Harm     .   (gloves unavailable)
MR       .....                  (boots unavailable)
Stlth    ++........             (no amulet)
HPRegen  0.08/turn              (no ring)
MPRegen  0.13/turn              (no ring)

@: very quick
A: very small, unfitting armour, see invisible, herbivore, speed 3, slow
metabolism 2
a: no special abilities


You were on level 3 of the Dungeon.
You were not hungry.

You visited 1 branch of the dungeon, and saw 3 of its levels.

You collected 85 gold pieces.

Inventory:

Hand Weapons
 a - a +2 dagger of electrocution (weapon)
Missiles
 b - 100 stones (quivered)
Armour
 c - a +0 robe (worn)
Scrolls
 e - a scroll of fog {!r, unknown}
 f - 2 scrolls of remove curse {!r, unknown}
 g - 2 scrolls of immolation {!r, unknown}
 h - 2 scrolls of enchant weapon {!r, unknown}
 i - 4 scrolls of identify {!r, unknown}
 o - a scroll of teleportation {!r, unknown}
Potions
 j - a potion of agility {!q, unknown}
 k - a potion of brilliance {!q, unknown}
 l - a potion of mutation {!q, unknown}
 m - a potion of degeneration {!q, unknown}
 n - a potion of curing {!q, unknown}
Comestibles
 d - 4 rations


   Skills:
 - Level 3.0 Dodging
 - Level 3.0 Stealth
 + Level 4.3 Spellcasting
   Level 1.3 Transmutations
 * Level 4.7 Earth Magic


You had 11 spell levels left.
You knew the following spells:

 Your Spells              Type           Power        Failure   Level  Hunger
a - Sandblast             Erth           ###...       2%          1    None

Your spell library contained the following spells:

 Spells                   Type           Power        Failure   Level  Hunger
 Stone Arrow              Conj/Erth      ##....       17%         3    ###....
 Passwall                 Tmut/Erth      ##......     7%          2    ##.....
 Lee's Rapid Deconstruct  Erth           ###.......   52%         5    ######.
 Petrify                  Tmut/Erth      ##......     41%         4    ####...


Dungeon Overview and Level Annotations

Branches:
Dungeon (3/15)

Altars:
Okawaru

Annotations:
D:3 Natasha, Sigmund


Innate Abilities, Weirdness & Mutations

You are very small and have problems with some larger weapons.
You are too small for most types of armour.
You have supernaturally acute eyesight. (SInv)
You are a herbivore.
You cover ground extremely quickly.
You need to consume almost no food.


Message History

Natasha is lightly wounded.
Natasha closely misses you.
You miss Natasha.
Natasha is lightly wounded.
Natasha barely misses you.
You hit Natasha.
Natasha is moderately wounded.
Natasha claws you.
* * * LOW HITPOINT WARNING * * *
You closely miss Natasha.
Natasha is moderately wounded.
Natasha claws you.
* * * LOW HITPOINT WARNING * * *
You are too injured to fight recklessly!
You are too injured to fight recklessly!
You are too injured to fight recklessly!
You are too injured to fight recklessly!
You are too injured to fight recklessly!
You are too injured to fight recklessly!
You are too injured to fight recklessly!
You are too injured to fight recklessly!
You are too injured to fight recklessly!
You are too injured to fight recklessly!
There is a stone staircase leading up here.
You climb upwards.
There is a stone staircase leading down here.
You start resting.
HP restored.
There is a stone staircase leading down here.
You climb downwards.
Level annotation: Natasha, Sigmund
There is a stone staircase leading up here.
You see here a dagger.
Natasha is too close now for your liking.
Natasha is nearby!
Natasha is nearby!
You see here a ration.
Natasha misses you.
You see here a ring mail.
You closely miss Natasha. Natasha claws you!
You hit Natasha.
Natasha is lightly wounded.
Natasha misses you.
You hit Natasha.
Natasha is lightly wounded.
Natasha claws you.
* * * LOW HITPOINT WARNING * * *
You hit Natasha.
Natasha is heavily wounded.
Natasha barely misses you.
You barely miss Natasha.
Natasha is heavily wounded.
Natasha claws you!
* * * LOW HITPOINT WARNING * * *
You are too injured to fight recklessly!
You are too injured to fight recklessly!
You are too injured to fight recklessly!
You are too injured to fight recklessly!
You are too injured to fight recklessly!
Unknown command.
You hit Natasha but do no damage.
Natasha is heavily wounded.
Natasha claws you!
You die...

####....#### #.##...###.#
#..#..
##.......###......###.###..#..
#.............#...............
##..###<...>.......##.#..##...
###........#..#.##.##....####..
#....(###...........#.....# #..
....#.....##..............# ##.
......†...#...##.#...#....# ##
.............h@.%.............
#####..##.......#....#....####
#..#...?....#.<..#....#
#................#....#
#...........####..##.##
##...........# #.....#
#............ ##.....
##.........#. ..#.. ##........#
#....


You could see Natasha.

Vanquished Creatures
  8 adders
  7 worms
  4 dart slugs
  An orc (D:3)
  2 ball pythons
  8 bats
  3 giant cockroaches
  8 goblins
  8 hobgoblins
  A quokka (D:2)
  4 frilled lizards
  7 kobolds
  6 rats
67 creatures vanquished.

Notes
Turn   | Place    | Note
-------+----------+-------------------------------------------
     0 | D:1      | Amnesiac the Spriggan Earth Elementalist began the quest for the Orb.
     0 | D:1      | Reached XP level 1. HP: 9/9 MP: 5/5
   100 | D:2      | Reached XP level 2. HP: 13/13 MP: 0/7
   294 | D:2      | Reached XP level 3. HP: 16/16 MP: 3/8
   691 | D:2      | Reached XP level 4. HP: 18/21 MP: 10/10
   752 | D:3      | Noticed Sigmund
  1275 | D:3      | Noticed Natasha
  1613 | D:1      | Reached XP level 5. HP: 24/24 MP: 12/12
  1826 | D:1      | Found an iron altar of Okawaru.
  2395 | D:3      | Slain by Natasha

Vault maps used:
D:1:      dpeg_arrival_water_temple_mockup, interstate_on_off,
          okawaru_ov_weapons_minmay
D:2:      serial_bayou_pond_d, minmay_misc_feat_enclosed, serial_bayou_pond_d
D:3:      uniq_natasha, uniq_sigmund

Skill      XL: |  1  2  3  4 |
---------------+-------------+-----
Spellcasting   | 3 4 |  4.3
Earth Magic    | 3 4 |  4.7
Dodging        | |  3.0
Stealth        | |  3.0
Transmutations | |  1.3

Action                   |  1- 3 |  4- 6 || total
-------------------------+-------+-------++-------
Melee: Dagger            |    20 |   101 ||   121
 Cast: Sandblast         |    38 |       ||    38
 Stab: Sleeping          |     3 |    10 ||    13
Armor: Robe              |     2 |     6 ||     8
Dodge: Dodged            |    13 |    67 ||    80

Table legend:
 A = Spawn XP
 B = Non-spawn XP
 C = Spawn XP percentage of total XP
 D = Spawn monster count
 E = Non-spawn monster count
 F = Spawn count percentage of total count
 G = Total turns spent on level
                    A         B        C        D         E        F      G
               +---------+---------+-------+---------+---------+-------+---------
         Total |       0 |     232 |   0.0 |       0 |      67 |   0.0 |  2395
               +---------+---------+-------+---------+---------+-------+---------
           D:1 |       0 |      35 |   0.0 |       0 |      19 |   0.0 |   654
           D:2 |       0 |     111 |   0.0 |       0 |      33 |   0.0 |  1347
           D:3 |       0 |      86 |   0.0 |       0 |      15 |   0.0 |   394
               +---------+---------+-------+---------+---------+-------+---------
